 Dungeon Crawl Stone Soup version 0.23.2-1-ga50397a (webtiles) character file.

Game seed: 1780160424602833937

88 doot the Gusty (level 4, -1/24 HPs)
             Began as a Tengu Air Elementalist on May 14, 2019.
             Slain by Natasha (4 damage)
             ... on level 2 of the Dungeon.
             The game lasted 00:06:38 (1712 turns).

doot the Gusty (Tengu Air Elementalist)             Turns: 1712, Time: 00:06:39

Health: -1/24      AC:  2    Str:  8    XL:     4   Next: 53%
Magic:  0/8        EV: 13    Int: 17    God:
Gold:   19         SH:  0    Dex: 14    Spells: 2/8 levels left

rFire    . . .     SeeInvis .   i - +0 whip
rCold    . . .     Gourm    .   (no shield)
rNeg     . . .     Faith    .   a - +0 robe
rPois    .         Spirit   .   (helmet restricted)
rElec    .         Reflect  .   (no cloak)
rCorr    .         Harm     .   (no gloves)
MR       .....                  (boots unavailable)
Stlth    ++........             (no amulet)
HPRegen  0.08/turn              (no ring)
MPRegen  0.11/turn              (no ring)

@: no status effects
A: beak, talons 3
a: no special abilities


You were on level 2 of the Dungeon.
You were not hungry.

You visited 1 branch of the dungeon, and saw 2 of its levels.

You collected 19 gold pieces.

Inventory:

Hand Weapons
 i - a +0 whip (weapon)
Armour
 a - a +0 robe (worn)
Scrolls
 b - a scroll of identify {unknown}
 e - 3 scrolls of teleportation {unknown}
 g - a scroll of enchant weapon {unknown}
 h - a scroll of remove curse {unknown}
Potions
 f - a potion of brilliance {unknown}
Comestibles
 c - 2 rations
 d - 3 chunks of flesh


   Skills:
 + Level 2.5 Dodging
 + Level 2.2 Stealth
 + Level 2.6 Spellcasting
 + Level 2.1 Conjurations
 + Level 5.7 Air Magic


You had 2 spell levels left.
You knew the following spells:

 Your Spells              Type           Power        Failure   Level  Hunger
a - Shock                 Conj/Air       ###.         3%          1    #......
b - Swiftness             Chrm/Air       ##......     9%          2    ##.....
c - Static Discharge      Conj/Air       ###.....     11%         3    ###....

Your spell library contained the following spells:

 Spells                   Type           Power        Failure   Level  Hunger
 Airstrike                Air            ###.......   17%         4    #####..
 Lightning Bolt           Conj/Air       ###.......   69%         5    ######.


Dungeon Overview and Level Annotations

Branches:
Dungeon (2/15)

Altars:

Annotations:
D:2 Natasha


Innate Abilities, Weirdness & Mutations

You have a beak for a mouth.
You have claws for feet.


Message History

The zap misses Natasha.
Natasha wildly gestures.
You feel troubled. Natasha claws you!
Unknown command.
Casting: Shock (safe; 3% risk of failure)
Confirm with . or Enter, or press ? or * to list all spells.
Aiming: Shock (safe; 3% risk of failure)
Press: ? - help, Shift-Dir - straight line, f/p - Natasha
Aim: Natasha (severely wounded)
The zap misses Natasha.
Natasha claws you.
* * * LOW HITPOINT WARNING * * *
Unknown command.
Casting: Shock (safe; 3% risk of failure)
Confirm with . or Enter, or press ? or * to list all spells.
Aiming: Shock (safe; 3% risk of failure)
Press: ? - help, Shift-Dir - straight line, f/p - Natasha
Aim: Natasha (severely wounded)
The zap misses Natasha.
Natasha claws you.
You die...

### ..# ####.# #
#..#.# #.#@.#.#
.#+##.#h##.#
.5.........#
.#+##.#'##.#
#.#..#.# +
+.รท#.#... .#
##.####.#.....
.#
........#.....
..#.
#########.#.....
....


You could see Natasha.

Vanquished Creatures
  3 adders (D:2)
  An ooze (D:2)
  3 dart slugs
  A leopard gecko (D:1)
  4 bats
  3 giant cockroaches (D:1)
  4 goblins
  5 hobgoblins
  5 jackals (D:1)
  9 kobolds
  A quokka (D:2)
  2 ball pythons (D:1)
  3 frilled lizards (D:1)
  A rat (D:1)
45 creatures vanquished.

Notes
Turn   | Place    | Note
-------+----------+-------------------------------------------
     0 | D:1      | doot the Tengu Air Elementalist began the quest for the
                  | Orb.
     0 | D:1      | Reached XP level 1. HP: 10/10 MP: 4/4
   278 | D:1      | Reached XP level 2. HP: 15/15 MP: 4/6
   282 | D:1      | Learned a level 2 spell: Swiftness
   699 | D:1      | Reached XP level 3. HP: 19/19 MP: 3/7
   704 | D:1      | Learned a level 3 spell: Static Discharge
   803 | D:1      | Reached skill level 5 in Air Magic
  1458 | D:2      | Reached XP level 4. HP: 17/24 MP: 3/8
  1700 | D:2      | Noticed Natasha
  1712 | D:2      | Slain by Natasha

Skill      XL: |  1  2  3 |
---------------+----------+-----
Air Magic      | 5 |  5.7
Conjurations   | 2 |  2.1
Dodging        | |  2.5
Stealth        | |  2.2
Spellcasting   | |  2.6

Action                   |  1- 3 |  4- 6 || total
-------------------------+-------+-------++-------
Melee: Unarmed           |     2 |       ||     2
       Kick              |     1 |       ||     1
       Peck              |     1 |       ||     1
 Cast: Shock             |    75 |    17 ||    92
       Static Discharge  |     1 |     4 ||     5
  Eat: Chunk             |     3 |     1 ||     4
Armor: Robe              |     4 |     1 ||     5
Dodge: Dodged            |    21 |     1 ||    22
